[Event "23rd ETCC Women 2021"]
[Site "Catez"]
[Date "2021.11.20"]
[Round "8.39"]
[White "Janzelj, Lara"]
[Black "Sucikova, Svetlana"]
[Result "1/2-1/2"]
[ECO "A11"]
[WhiteElo "2150"]
[BlackElo "2197"]
[Annotator "NA"]
[PlyCount "115"]
[EventDate "2021.11.08"]
[EventType "team-tourn"]
[EventCountry "SLO"]
[SourceTitle "playchess.com"]
[Source "ChessBase"]
[SourceQuality "1"]
[WhiteTeam "Slovenia"]
[BlackTeam "Slovakia"]
[WhiteTeamCountry "SLO"]
[BlackTeamCountry "SVK"]
[TimeControl "40/5400+30:1800+30"]

1. c4 c6 2. g3 d5 3. Nf3 Nf6 4. Bg2 dxc4 5. O-O Nbd7 6. Na3 Nb6 7. Qc2 g6 8. Nxc4 Nxc4 9. Qxc4 Bg7 10. d3 O-O 11. Bg5 Be6 12. Qc1 Re8 13.
Bh6 Qb6 14. Bxg7 Kxg7 15. Ng5 Bg4 16. Qc4 Rf8 17. Qc2 h6 18.
Nf3 Rad8 19. h3 Bxf3 20. Bxf3 Rd6 21. Rac1 Rfd8 22. Qb1 h5 23. Rc4 Rd4 24. Rfc1 h4 25. gxh4 Rh8 26. Rxd4 Qxd4
27. Rc4 Qd6 28. Qc1 Nd5 29. Qg5 e5 30. e3 Nb6 31. Rc3 Na4 32.
Rc2 Nb6 33. Qg3 Nd7 34. Rd2 Qb4 35. Rc2 Qxh4 36. Kg2 Qa4 37.
Rc4 Qb5 38. b4 a5 39. a3 Re8 40. h4 Nf6 41. Be2 axb4 42. axb4 Qd5+ 43. Qf3 e4 44. dxe4 Rxe4 45. Rxe4 Nxe4 46. Qf4 Ng5+ 47. Kh2 Ne6 48. Qg4 Qd6+ 49. Kg2 Nc7 50. h5 b5 51. Bf3 Na6 52. hxg6 fxg6 53. e4 Qe7 54. e5 Nxb4 55. Be4 Qxe5 56. Qxg6+ Kf8 57. Bxc6 Nxc6 58. Qxc6 1/2-1/2

[Event "23rd ETCC Women 2021"]
[Site "Catez"]
[Date "2021.11.20"]
[Round "8.40"]
[White "Mrvova, Alena"]
[Black "Rozman, Monika"]
[Result "1-0"]
[ECO "C95"]
[WhiteElo "2174"]
[BlackElo "2112"]
[Annotator "NA"]
[PlyCount "63"]
[EventDate "2021.11.08"]
[EventType "team-tourn"]
[EventCountry "SLO"]
[SourceTitle "playchess.com"]
[Source "ChessBase"]
[SourceQuality "1"]
[WhiteTeam "Slovakia"]
[BlackTeam "Slovenia"]
[WhiteTeamCountry "SVK"]
[BlackTeamCountry "SLO"]
[TimeControl "40/5400+30:1800+30"]

1. e4 e5 2. Nf3 Nc6 3. Bb5 a6 4. Ba4 Nf6 5. O-O Be7 6. Re1 b5 7. Bb3 d6 8. c3 O-O 9. h3 Nb8 10. d4 Nbd7 11. c4 c6 12. a3 Bb7 13.
Nc3 Re8 14. Be3 bxc4 15. Bxc4 d5 16. Ba2 Nxe4 17. Nxe4 dxe4 18. Nxe5 Nxe5 19. dxe5 Qxd1 20. Raxd1 c5 21. Rd7 Bc6 22. Rc7 Rac8 23. Rxc8 Rxc8 24. Rc1 Bb5 25. Bd5 Bc6 26. Bxc6 Rxc6 27. Rc4 f5 28. exf6 gxf6 29. Rxe4 Kf7 30. Rc4 Ke6 31. Rh4 Rb6 32. Re4+ 1-0

[Event "23rd ETCC Women 2021"]
[Site "Catez"]
[Date "2021.11.20"]
[Round "8.41"]
[White "Vega Gutierrez, Sabrina"]
[Black "Shvayger, Yuliya"]
[Result "0-1"]
[ECO "B32"]
[WhiteElo "2394"]
[BlackElo "2351"]
[Annotator "NA"]
[PlyCount "66"]
[EventDate "2021.11.08"]
[EventType "team-tourn"]
[EventCountry "SLO"]
[SourceTitle "playchess.com"]
[Source "ChessBase"]
[SourceQuality "1"]
[WhiteTeam "Spain"]
[BlackTeam "Israel"]
[WhiteTeamCountry "ESP"]
[BlackTeamCountry "ISR"]
[TimeControl "40/5400+30:1800+30"]

1. e4 c5 2. Nf3 Nc6 3. d4 cxd4 4. Nxd4 e5 5. Nb5 d6 6. c4 Be6 7. Bd3 g6 8. O-O a6 9. N5c3 Bg7 10. Nd5 Nf6 11. Nbc3 Nd7 12. b4 O-O 13. Ba3 Nd4 14. c5 b5 15. Ne2 dxc5 16. bxc5 Nc6 17. Qd2 Rb8 18. Rac1 Nf6 19. Nb4 Qc8 20. Bb2 Rd8 21. Nxc6 Qxc6 22. Bxe5 Nxe4 23. Qf4 g5 24. Qxe4 Qxe4 25. Bxe4 Bxe5 26. c6 Rbc8 27. f4 gxf4 28. Nxf4 Bxa2 29. Bf5 Rc7 30. Nd3 Bd4+ 31. Kh1 Bc4 32. Be4 Be3 33. Rcd1 Rd4 0-1

[Event "23rd ETCC Women 2021"]
[Site "Catez"]
[Date "2021.11.20"]
[Round "8.42"]
[White "Shapir, Maya"]
[Black "Garcia Martin, Marta"]
[Result "0-1"]
[ECO "E16"]
[WhiteElo "2256"]
[BlackElo "2324"]
[Annotator "NA"]
[PlyCount "132"]
[EventDate "2021.11.08"]
[EventType "team-tourn"]
[EventCountry "SLO"]
[SourceTitle "playchess.com"]
[Source "ChessBase"]
[SourceQuality "1"]
[WhiteTeam "Israel"]
[BlackTeam "Spain"]
[WhiteTeamCountry "ISR"]
[BlackTeamCountry "ESP"]
[TimeControl "40/5400+30:1800+30"]

1. d4 Nf6 2. c4 e6 3. Nf3 b6 4. g3 Bb7 5. Bg2 Bb4+ 6. Bd2 Bxd2+ 7. Nbxd2 O-O 8. O-O c5 9. Qc2 Nc6 10. e3 Rc8 11. Qa4 d5 12. cxd5 exd5 13.
Rac1 Qe7 14. dxc5 bxc5 15. Qa3 Nb4 16. Nb3 Ba6 17. Rfd1 Ne4 18.
Nh4 Be2 19. Re1 Bb5 20. Qa5 a6 21. Bxe4 dxe4 22. a4 Nc6 23.
Qc3 Bxa4 24. Nxc5 Ne5 25. Qd4 Bb5 26. Nxe4 Rcd8 27. Qc5 Qxc5 28. Nxc5 g5 29. f4 gxh4 30. fxe5 Rd2 31. Ne4 Rxb2 32. Nf6+ Kg7 33. gxh4 Rd8 34. Kh1 Rdd2 35. Rg1+ Kf8 36. Rg8+ Ke7 37. Ne4 Rxh2+ 38. Kg1 Rxh4 39. Rc7+ Ke6 40. Ng5+ Kxe5 41.
Nxf7+ Ke6 42. Nd8+ Kd5 43. Rg5+ Ke4 44. Re7+ Kd3 45. Ne6 Bc6 46. e4 Rb1+ 47. Kf2 Rh2+ 48. Kg3 Rhh1 49. Nf4+ Kd4 50. Ra5 Rbg1+ 51. Ng2 h5 52. Kf2 Rf1+ 53. Kg3 Ra1 54. Rxa1 Rxa1 55. Nf4 a5 56. e5 a4 57. e6 a3 58. Rd7+ Ke5 59. Ra7 a2 60. Ra5+ Kd6 61. Ne2 h4+ 62. Kf2 h3 63. Ra6 h2 64. Ng3 h1=Q 65. Nxh1 Rxh1 66. e7 Kxe7 0-1

[Event "23rd ETCC Women 2021"]
[Site "Catez"]
[Date "2021.11.20"]
[Round "8.43"]
[White "Matnadze, Ana"]
[Black "Levitan, Ronit"]
[Result "1-0"]
[ECO "A03"]
[WhiteElo "2418"]
[BlackElo "2068"]
[Annotator "NA"]
[PlyCount "39"]
[EventDate "2021.11.08"]
[EventType "team-tourn"]
[EventCountry "SLO"]
[SourceTitle "playchess.com"]
[Source "ChessBase"]
[SourceQuality "1"]
[WhiteTeam "Spain"]
[BlackTeam "Israel"]
[WhiteTeamCountry "ESP"]
[BlackTeamCountry "ISR"]
[TimeControl "40/5400+30:1800+30"]

1. f4 d5 2. Nf3 Nf6 3. e3 e6 4. b3 Bd6 5. Bb2 O-O 6. c4 b6 7. Qc2 Bb7 8. Bd3 Ne4 9. Nc3 f5 10. Nb5 Nd7 11. O-O Ndf6 12. Be2 a6 13.
Nxd6 cxd6 14. b4 Ng4 15. cxd5 Bxd5 16. Rac1 Qe8 17. Bc4 Bb7 18. Qb3 Qh5 19. Bxe6+ Kh8 20. Rc7 1-0

[Event "23rd ETCC Women 2021"]
[Site "Catez"]
[Date "2021.11.20"]
[Round "8.44"]
[White "Katkov, Michelle"]
[Black "Calzetta Ruiz, Monica"]
[Result "1/2-1/2"]
[ECO "B31"]
[WhiteElo "2059"]
[BlackElo "2201"]
[Annotator "NA"]
[PlyCount "110"]
[EventDate "2021.11.08"]
[EventType "team-tourn"]
[EventCountry "SLO"]
[SourceTitle "playchess.com"]
[Source "ChessBase"]
[SourceQuality "1"]
[WhiteTeam "Israel"]
[BlackTeam "Spain"]
[WhiteTeamCountry "ISR"]
[BlackTeamCountry "ESP"]
[TimeControl "40/5400+30:1800+30"]

1. e4 c5 2. Nc3 Nc6 3. Bb5 Nd4 4. Nf3 g6 5. O-O Bg7 6.
Nxd4 cxd4 7. Ne2 Nf6 8. e5 Ng4 9. e6 fxe6 10. Nxd4 Bxd4 11.
Qxg4 Qb6 12. c3 Bg7 13. Ba4 O-O 14. d4 Rf7 15. h4 Qa5 16.
Bc2 d6 17. Bb3 Qf5 18. Qxf5 Rxf5 19. Re1 Kf7 20. g4 Ra5 21. Bc4 Bd7 22. b4 Ra4 23. Bb3 Ra6 24. a4 b5 25. a5 Rc8 26. Bd2 Rac6 27. d5 Rc4 28.
Bxc4 Rxc4 29. dxe6+ Bxe6 30. f3 Bd5 31. Kf2 Bxc3 32. Bxc3 Rxc3 33. Re3 Rc2+ 34. Re2 Rc3 35. Re3 Rc2+ 36. Kg3 Rb2 37. Rae1 e6 38. f4 Rxb4 39. f5 gxf5 40. gxf5 exf5 41. Re7+ Kg6 42. Rd1 f4+ 43. Kf2 Rb2+ 44. Ke1 Bc4 45. Rxd6+ Kf5 46. Rd2 Rb1+ 47. Kf2 a6 48. Rxh7 b4 49. Rc7 Bb5 50. Rcc2 b3 51. Rb2 Rh1 52. Rxb3 Rh2+ 53. Ke1 Rh1+ 54. Kf2 Rh2+ 55. Ke1 Rh1+ 1/2-1/2

[Event "23rd ETCC Women 2021"]
[Site "Catez"]
[Date "2021.11.20"]
[Round "8.45"]
[White "Cramling, Pia"]
[Black "Hrescak, Ivana"]
[Result "1-0"]
[ECO "B38"]
[WhiteElo "2457"]
[BlackElo "2138"]
[Annotator "ChessBase"]
[PlyCount "71"]
[EventDate "2021.11.08"]
[EventType "team-tourn"]
[EventCountry "SLO"]
[SourceTitle "playchess.com"]
[Source "ChessBase"]
[SourceQuality "1"]
[WhiteTeam "Sweden"]
[BlackTeam "Slovenia"]
[WhiteTeamCountry "SWE"]
[BlackTeamCountry "SLO"]
[TimeControl "40/5400+30:1800+30"]

1. d4 Nf6 2. c4 g6 3. Nc3 Bg7 4. e4 d6 5. h3 O-O 6. Be3 c5 7. Nf3 cxd4 8.
Nxd4 Nc6 9. Be2 Bd7 10. O-O Nxd4 11. Bxd4 Bc6 12. Qc2 a5 13. Rad1 Nd7 14. Bxg7 Kxg7 15. Rfe1 a4 16. Bf1 Qa5 17. Nd5 Rfe8 18. Re3 Rac8 19. Qe2 Qd8 20. Qd2 Ra8 21. Be2 Qa5 22. Qc1 Rab8 23. b4 axb3 24. axb3 Ra8 25. b4 Qd8 26. Nc3 b6 27. e5 dxe5 28. b5 Bb7 29. Red3 Bc8 30. Bf3 Ra7 31. Bc6 e6 32. Ne4 Re7 33. Qg5 h6 34. Rxd7 Bxd7 35. Qxe5+ Kg8 36. Nf6+ 1-0

[Event "23rd ETCC Women 2021"]
[Site "Catez"]
[Date "2021.11.20"]
[Round "8.46"]
[White "Kolaric, Spela"]
[Black "Andric, Jelena"]
[Result "1-0"]
[ECO "A40"]
[WhiteElo "2178"]
[BlackElo "2041"]
[Annotator "NA"]
[PlyCount "53"]
[EventDate "2021.11.08"]
[EventType "team-tourn"]
[EventCountry "SLO"]
[SourceTitle "playchess.com"]
[Source "ChessBase"]
[SourceQuality "1"]
[WhiteTeam "Slovenia"]
[BlackTeam "Sweden"]
[WhiteTeamCountry "SLO"]
[BlackTeamCountry "SWE"]
[TimeControl "40/5400+30:1800+30"]

1. d4 e6 2. c4 b6 3. e4 Bb7 4. Bd3 Bb4+ 5. Bd2 Qe7 6. Nf3 Nf6 7. Qe2 Bxd2+ 8. Nbxd2 d6 9. O-O e5 10. d5 Nbd7 11. b4 Nh5 12. Qe3 h6 13.
Rfc1 O-O 14. g3 g5 15. Nb3 f5 16. exf5 Ndf6 17. Nfd4 e4 18. f3 Rae8 19. Re1 Qe5 20. fxe4 a5 21. bxa5 bxa5 22. Ne6 Rf7 23. Qd4 Ng4 24. Be2 Nxg3 25. Bxg4 h5 26. Qxe5 dxe5 27. Bd1 1-0

[Event "23rd ETCC Women 2021"]
[Site "Catez"]
[Date "2021.11.20"]
[Round "8.47"]
[White "Zaritovskaja, Margarita"]
[Black "Ruzic, Pia Marie"]
[Result "1-0"]
[ECO "C01"]
[WhiteElo "2040"]
[BlackElo "2049"]
[Annotator "NA"]
[PlyCount "37"]
[EventDate "2021.11.08"]
[EventType "team-tourn"]
[EventCountry "SLO"]
[SourceTitle "playchess.com"]
[Source "ChessBase"]
[SourceQuality "1"]
[WhiteTeam "Sweden"]
[BlackTeam "Slovenia"]
[WhiteTeamCountry "SWE"]
[BlackTeamCountry "SLO"]
[TimeControl "40/5400+30:1800+30"]

1. e4 e6 2. d4 d5 3. Bd3 c5 4. exd5 exd5 5. Nf3 Nf6 6. O-O c4 7. Be2 Be7 8. b3 cxb3 9. axb3 O-O 10. c4 b6 11. Nc3 Bg4 12. Ne5 Bxe2 13. Nxe2 Qc7 14. Ng3 g6 15. Bf4 Bd6 16. Qf3 Re8 17. cxd5 Nbd7 18. Rac1 Qb7 19. Nxd7 1-0

[Event "23rd ETCC Women 2021"]
[Site "Catez"]
[Date "2021.11.20"]
[Round "8.48"]
[White "Mihelic, Vesna"]
[Black "Cramling Bellon, Anna"]
[Result "1/2-1/2"]
[ECO "B30"]
[WhiteElo "1912"]
[BlackElo "2035"]
[Annotator "NA"]
[PlyCount "85"]
[EventDate "2021.11.08"]
[EventType "team-tourn"]
[EventCountry "SLO"]
[SourceTitle "playchess.com"]
[Source "ChessBase"]
[SourceQuality "1"]
[WhiteTeam "Slovenia"]
[BlackTeam "Sweden"]
[WhiteTeamCountry "SLO"]
[BlackTeamCountry "SWE"]
[TimeControl "40/5400+30:1800+30"]

1. e4 c5 2. Nf3 Nc6 3. Bb5 e6 4. O-O Nge7 5. Re1 Ng6 6. Nc3 Nd4 7. Nxd4 cxd4 8. Ne2 Bc5 9. d3 O-O 10. a3 a6 11. Ba4 d5 12. Ng3 b5 13.
Bb3 dxe4 14. Nxe4 Be7 15. Qh5 Bb7 16. Bg5 h6 17. Bxe7 Nxe7 18.
Nc5 Bd5 19. Bxd5 Nxd5 20. Qe5 Ne7 21. Re4 Nc6 22. Qg3 Qe7 23.
Nb3 f5 24. Re2 e5 25. Rae1 e4 26. dxe4 f4 27. Qh3 f3 28. Rd2 fxg2 29. Nxd4 Ne5 30. Qxg2 Rad8 31. Nf5 Qf6 32. Red1 Rxd2 33. Rxd2 Nf7 34. Rd7 Kh7 35. c3 Re8 36. Rxf7 Qxf7 37. Nd6 Qd7 38. Nxe8 Qd1+ 39. Qf1 Qg4+ 40. Qg2 Qd1+ 41. Qf1 Qg4+ 42. Qg2 Qd1+ 43. Qf1 1/2-1/2

[Event "23rd ETCC Women 2021"]
[Site "Catez"]
[Date "2021.11.20"]
[Round "8.49"]
[White "Cvitan, Ena"]
[Black "Stojkovska, Monika"]
[Result "1/2-1/2"]
[ECO "E12"]
[WhiteElo "2234"]
[BlackElo "2066"]
[Annotator "NA"]
[PlyCount "73"]
[EventDate "2021.11.08"]
[EventType "team-tourn"]
[EventCountry "SLO"]
[SourceTitle "playchess.com"]
[Source "ChessBase"]
[SourceQuality "1"]
[WhiteTeam "Croatia"]
[BlackTeam "Macedonia"]
[WhiteTeamCountry "CRO"]
[BlackTeamCountry "MKD"]
[TimeControl "40/5400+30:1800+30"]

1. d4 Nf6 2. c4 e6 3. Nf3 b6 4. a3 Bb7 5. Bf4 d5 6. cxd5 exd5 7. Nc3 Bd6 8.
Bg5 O-O 9. e3 Nbd7 10. Bd3 h6 11. Bh4 c5 12. dxc5 bxc5 13. O-O Qb6 14. Rb1 Rfd8 15. b4 cxb4 16. Na4 Qc7 17. axb4 d4 18. e4 g5 19. Rc1 Qb8 20.
Bg3 Bxg3 21. fxg3 Nxe4 22. Bc4 Ndf6 23. Nd2 Qe5 24. Nxe4 Bxe4 25. Qb3 Bd5 26. Rce1 Bxc4 27. Qxc4 Qd6 28. Nc5 Rac8 29. Qd3 Re8 30. Rd1 Kg7 31. Rf3 Re7 32. h4 Rce8 33. hxg5 hxg5 34. Qd2 Ne4 35. Nxe4 Rxe4 36. Qxg5+ Qg6 37. Qxg6+ 1/2-1/2

[Event "23rd ETCC Women 2021"]
[Site "Catez"]
[Date "2021.11.20"]
[Round "8.50"]
[White "Trajkovska, Sanja"]
[Black "Medic, Mirjana"]
[Result "0-1"]
[ECO "C02"]
[WhiteElo "1960"]
[BlackElo "2196"]
[Annotator "NA"]
[PlyCount "74"]
[EventDate "2021.11.08"]
[EventType "team-tourn"]
[EventCountry "SLO"]
[SourceTitle "playchess.com"]
[Source "ChessBase"]
[SourceQuality "1"]
[WhiteTeam "Macedonia"]
[BlackTeam "Croatia"]
[WhiteTeamCountry "MKD"]
[BlackTeamCountry "CRO"]
[TimeControl "40/5400+30:1800+30"]

1. e4 e6 2. d4 d5 3. e5 c5 4. c3 Nc6 5. Nf3 Qb6 6. Bd3 Bd7 7. dxc5 Bxc5 8.
O-O a5 9. Qc2 Nge7 10. Re1 d4 11. a3 dxc3 12. Nxc3 Nd4 13. Nxd4 Bxd4 14. Be3 Bxe3 15. Rxe3 Rc8 16. Qe2 Nd5 17. Ne4 Nxe3 18. Nd6+ Ke7 19. Nxc8+ Rxc8 20. fxe3 Qc5 21. Rf1 Qxe5 22. Qf3 f6 23. Be4 Qxb2 24. Qg3 Kf7 25. Bxh7 Rc1 26. Bg6+ Ke7 27. Bd3 Rxf1+ 28. Kxf1 g5 29. Qc7 Qxa3 30. Ke2 Qb2+ 31. Kf3 Qb4 32. h3 Qd6 33. Qc2 Qc6+ 34. Qxc6 Bxc6+ 35. e4 b5 36. Kg4 b4 37. g3 a4 0-1

[Event "23rd ETCC Women 2021"]
[Site "Catez"]
[Date "2021.11.20"]
[Round "8.51"]
[White "Berke, Ana"]
[Black "Nikolovska, Dragana"]
[Result "1-0"]
[ECO "B53"]
[WhiteElo "2135"]
[BlackElo "1877"]
[Annotator "NA"]
[PlyCount "127"]
[EventDate "2021.11.08"]
[EventType "team-tourn"]
[EventCountry "SLO"]
[SourceTitle "playchess.com"]
[Source "ChessBase"]
[SourceQuality "1"]
[WhiteTeam "Croatia"]
[BlackTeam "Macedonia"]
[WhiteTeamCountry "CRO"]
[BlackTeamCountry "MKD"]
[TimeControl "40/5400+30:1800+30"]

1. e4 c5 2. Nf3 d6 3. d4 cxd4 4. Qxd4 Nc6 5. Bb5 a6 6. Bxc6+ bxc6 7. c4 e5 8. Qd3 Nf6 9. O-O Qc7 10. Rd1 Be7 11. Nc3 O-O 12. b3 h6 13.
Ba3 Rd8 14. Rac1 Bb7 15. Qe2 Rd7 16. Rd3 Re8 17. Bb2 Qd8 18.
Rcd1 Bf8 19. Na4 c5 20. Nc3 Re6 21. Nd2 Ne8 22. Nf1 Rg6 23.
Ng3 Nc7 24. Na4 Bc6 25. Nb6 Re7 26. Nf5 Ree6 27. a4 Qg5 28.
g3 Qf4 29. f3 Qg5 30. Bc1 Qh5 31. Qg2 Rg5 32. Bxg5 Qxg5 33. Qd2 Qh5 34. Nc8 Ne8 35. Qe3 Qg6 36. Qd2 Qf6 37. Kg2 Kh7 38. Ncxd6 Nxd6 39. Nxd6 Qe7 40. Nf5 Qc7 41. Rd8 Be8 42. Ra8 Qb7 43. Rd8 Qxb3 44. Ne3 Qxa4 45. Rb1 Be7 46. Rd3 Bg5 47. Qc3 Bxe3 48. Rxe3 Rd6 49. Re2 Rd4 50. Rc1 f6 51. Rd2 a5 52. Rxd4 exd4 53. Qc2 Qb4 54. Rb1 Ba4 55. Qa2 Qc3 56. Qxa4 Qd2+ 57. Kh3 Qd3 58. Qb3 Qe2 59. Rd1 a4 60. Qd3 Qa2 61. e5+ Kg8 62. e6 a3 63. e7 Kf7 64. Re1 1-0

[Event "23rd ETCC Women 2021"]
[Site "Catez"]
[Date "2021.11.20"]
[Round "8.52"]
[White "Manova, Ivana"]
[Black "Vujnovic, Patricija"]
[Result "0-1"]
[ECO "B13"]
[WhiteElo "1809"]
[BlackElo "2151"]
[Annotator "NA"]
[PlyCount "102"]
[EventDate "2021.11.08"]
[EventType "team-tourn"]
[EventCountry "SLO"]
[SourceTitle "playchess.com"]
[Source "ChessBase"]
[SourceQuality "1"]
[WhiteTeam "Macedonia"]
[BlackTeam "Croatia"]
[WhiteTeamCountry "MKD"]
[BlackTeamCountry "CRO"]
[TimeControl "40/5400+30:1800+30"]

1. e4 c6 2. d4 d5 3. exd5 cxd5 4. Bd3 Nc6 5. c3 Nf6 6. Bf4 Bg4 7. Qb3 e5 8. h3 Na5 9. Qc2 exf4 10. hxg4 Nxg4 11. Nd2 Bd6 12. Nh3 g6 13. O-O-O Kf8 14. Nf3 Kg7 15. Rde1 Qc7 16. Nhg5 Nc6 17. Rh4 Qd7 18. Nxf7 Kxf7 19. Bxg6+ hxg6 20. Ng5+ Kf6 21. Rxh8 Rxh8 22. Re6+ Qxe6 23. Nxe6 Kxe6 24. Qxg6+ Nf6 25. c4 Ne7 26.
cxd5+ Nexd5 27. Qg7 Rh7 28. Qg6 Rc7+ 29. Kd2 Rc4 30. Kd3 b5 31. g4 fxg3 32. fxg3 Rc8 33. Qg7 Rg8 34. Qxa7 Rxg3+ 35. Kc2 Nb4+ 36. Kd1 Rg1+ 37. Ke2 Rg2+ 38. Kf3 Rxb2 39. Qb7 Nbd5 40. Qc8+ Kf7 41. Qc6 Be7 42. Kg3 b4 43. Qc4 Kg7 44. Kh4 Rg2 45. Qc1 Nh5+ 46. Kxh5 Rg5+ 47. Qxg5+ Bxg5 48. Kxg5 Nc3 49. Kf4 Nxa2 50. Ke4 Nc3+ 51. Kd3 Nd5 0-1

[Event "23rd ETCC Women 2021"]
[Site "Catez"]
[Date "2021.11.21"]
[Round "8.53"]
[White "Goossens, Hanne"]
[Black "Ptacnikova, Lenka"]
[Result "1-0"]
[ECO "B03"]
[WhiteElo "2126"]
[BlackElo "2200"]
[Annotator "ChessBase"]
[PlyCount "133"]
[EventDate "2021.11.08"]
[EventType "team-tourn"]
[EventCountry "SLO"]
[SourceTitle "playchess.com"]
[Source "ChessBase"]
[SourceQuality "1"]
[WhiteTeam "Belgium"]
[BlackTeam "Iceland"]
[WhiteTeamCountry "BEL"]
[BlackTeamCountry "ISL"]
[TimeControl "40/5400+30:1800+30"]

1. e4 Nf6 2. e5 Nd5 3. d4 d6 4. c4 Nb6 5. exd6 exd6 6. Nc3 Be7 7. Be3 O-O 8. Nf3 Re8 9. b3 Nc6 10. Be2 Bf5 11. Rc1 a5 12.
d5 Nb4 13. a3 Na6 14. O-O Bf6 15. Nd4 Bd7 16. Bd3 Nc5 17. Bc2 g6 18. Qf3 a4 19. b4 Nb3 20. Bxb3 axb3 21. Ne4 Rxe4 22. Qxe4 b2 23. Rc2 Rxa3 24. Rxb2 Bf5 25. Qf4 Be5 26. Qh6 Bg7 27. Qf4 Be5 28. Qh6 Bg7 29. Qf4 Be5 30. Qh6 Nxc4 31. Rb3 Rxb3 32. Nxb3 Be4 33. Rc1 Nxe3 34. Qxe3 Bxd5 35. Rd1 c6 36. h3 Qh4 37. Nd4 Kg7 38. b5 Qh5 39. Re1 c5 40. Nf3 Bxf3 41. Qxf3 Qxf3 42. gxf3 c4 43. f4 Bb2 44. Re7 b6 45. Kf1 Ba3 46. Ke2 Kf6 47. Re4 d5 48. Re5 d4 49.
Re4 Bb2 50. Kd2 h5 51. Re8 Ba3 52. Rc8 Bb4+ 53. Kd1 Bc3 54. Rxc4 Kf5 55. Ke2 Kxf4 56. Rc6 Ba5 57. Rf6+ Kg5 58. Rxf7 Kh4 59. Rf3 g5 60. Kd3 Bc3 61. Ke4 g4 62. hxg4 hxg4 63. Rf6 d3 64. Rxb6 d2 65. Rd6 Ba5 66. Ke3 Kh3 67. Rxd2 1-0

[Event "23rd ETCC Women 2021"]
[Site "Catez"]
[Date "2021.11.21"]
[Round "8.54"]
[White "Thorsteinsdottir, Hallgerdur"]
[Black "Barbier, Wiebke"]
[Result "1-0"]
[ECO "C41"]
[WhiteElo "2010"]
[BlackElo "1964"]
[Annotator "ChessBase"]
[PlyCount "129"]
[EventDate "2021.11.08"]
[EventType "team-tourn"]
[EventCountry "SLO"]
[SourceTitle "playchess.com"]
[Source "ChessBase"]
[SourceQuality "1"]
[WhiteTeam "Iceland"]
[BlackTeam "Belgium"]
[WhiteTeamCountry "ISL"]
[BlackTeamCountry "BEL"]
[TimeControl "40/5400+30:1800+30"]

1. e4 d6 2. d4 Nf6 3. Nc3 e5 4. Nf3 Nbd7 5. Bc4 Be7 6. O-O O-O 7. a4 c6 8. Re1 exd4 9. Nxd4 Ne5 10. Bf1 Re8 11.
a5 Qc7 12. h3 Bd7 13. Be3 b5 14. axb6 axb6 15. f4 Ng6 16. Qf3 b5 17. g4 Rxa1 18. Rxa1 b4 19. Nce2 c5 20. Nf5 Bf8 21. Neg3 Bc6 22. Bd3 c4 23. Bxc4 Nxe4 24. Ra7 Qc8 25. Bxf7+ Kh8 26. Bxe8 Qxe8 27. Nd4 Bd5 28. Nxe4 Nh4 29. Qg3 Qxe4 30. Kf2 Ng6 31. Rc7 Kg8 32. Nf5 b3 33. cxb3 Qd3 34. h4 Qxb3 35. Bd4 Qd1 36. Be3 Qb3 37. h5 Qxb2+ 38. Kg1 Nh8 39. Ne7+ Bxe7 40. Rxe7 Kf8 41. Rc7 Qb8 42. Rc1 Nf7 43. g5 Qe8 44. Kf2 Qe4 45. Rc8+ Ke7 46. g6 hxg6 47. hxg6 Nh6 48. Rc7+ Ke8 49. Qh3 Be6 50. Qg3 Nf5 51. Qh3 Nh6 52. Qf3 Qxf3+ 53. Kxf3 Nf5 54. Ke4 Ng3+ 55. Kd4 Nf5+ 56. Kd3 d5 57. Bd4 Ne7 58. Bxg7 Nxg6 59. Be5 Bf5+ 60. Kd4 Be4 61. Kc5 Ne7 62. Kd6 Nf5+ 63. Ke6 Kd8 64. Rb7 d4 65. Rb8# 1-0

[Event "23rd ETCC Women 2021"]
[Site "Catez"]
[Date "2021.11.21"]
[Round "8.55"]
[White "Vanduyfhuys, Daria"]
[Black "Acevedo Mendez, Lisseth"]
[Result "0-1"]
[ECO "E15"]
[WhiteElo "1933"]
[BlackElo "1803"]
[Annotator "ChessBase"]
[PlyCount "58"]
[EventDate "2021.11.08"]
[EventType "team-tourn"]
[EventCountry "SLO"]
[SourceTitle "playchess.com"]
[Source "ChessBase"]
[SourceQuality "1"]
[WhiteTeam "Belgium"]
[BlackTeam "Iceland"]
[WhiteTeamCountry "BEL"]
[BlackTeamCountry "ISL"]
[TimeControl "40/5400+30:1800+30"]

1. d4 Nf6 2. c4 e6 3. Nf3 b6 4. g3 Ba6 5. b3 d5 6. Bg2 Nbd7 7. O-O Bd6 8. Bb2 O-O 9. Nbd2 Rc8 10. Ne5 c5 11. cxd5 exd5 12.
Bh3 Rc7 13. Ndf3 Re8 14. Re1 cxd4 15. Nxd7 Nxd7 16. Qxd4 Nf6 17. Bf5 h6 18. Qa4 Rxe2 19. Bxf6 Qxf6 20. Nd4 Rxe1+ 21. Rxe1 g6 22. Ne6 Re7 23. Qxa6 Qxf5 24. Qc8+ Kh7 25. Nf8+ Kg7 26. Qc3+ Be5 27. Qb4 Kxf8 28. f4 Bf6 29. Qd6 Qd7 0-1

[Event "23rd ETCC Women 2021"]
[Site "Catez"]
[Date "2021.11.21"]
[Round "8.56"]
[White "Hauksdottir, Hrund"]
[Black "Barbier, Astrid"]
[Result "1/2-1/2"]
[ECO "C50"]
[WhiteElo "1731"]
[BlackElo "1915"]
[Annotator "ChessBase"]
[PlyCount "115"]
[EventDate "2021.11.08"]
[EventType "team-tourn"]
[EventCountry "SLO"]
[SourceTitle "playchess.com"]
[Source "ChessBase"]
[SourceQuality "1"]
[WhiteTeam "Iceland"]
[BlackTeam "Belgium"]
[WhiteTeamCountry "ISL"]
[BlackTeamCountry "BEL"]
[TimeControl "40/5400+30:1800+30"]

1. e4 e5 2. Nf3 Nc6 3. Bc4 Bc5 4. O-O Nf6 5. d3 a6 6. a4 Ba7 7. c3 d6 8. Re1 O-O 9. h3 h6 10. Nbd2 Re8 11. Nf1 Be6 12. Bxe6 fxe6 13. Be3 Rf8 14. Ng3 Qd7 15. Bxa7 Rxa7 16. d4 exd4 17. Nxd4 Raa8 18. Nxc6 Qxc6 19. e5 Nd5 20. exd6 Nf4 21. Ne4 Rad8 22. Qg4 cxd6 23. g3 d5 24. Ng5 hxg5 25. gxf4 Rxf4 26. Qxe6+ Qxe6 27. Rxe6 Rdf8 28. Re2 R8f6 29.
Rd1 g4 30. hxg4 Rxg4+ 31. Kf1 Rh6 32. Re7 b6 33. Rxd5 Rxa4 34.
Rdd7 Rg4 35. Ra7 a5 36. Re8+ Kh7 37. Rd7 Rh1+ 38. Ke2 Rb1 39. Rd2 Rgg1 40. Rb8 Rbe1+ 41. Kd3 Re6 42. Kc4 Rg5 43. Rd3 Rc5+ 44. Kb3 Rb5+ 45. Ka3 g5 46. Rbd8 Kg7 47. R3d6 Kf6 48. Rf8+ Ke7 49. Rxe6+ Kxe6 50. Rg8 Kd6 51. Rg6+ Kc7 52. Rf6 Kb7 53. f4 gxf4 54. Rxf4 Ka6 55. b3 Re5 56. c4 Re3 57. Rf5 Rh3 58. Rg5 1/2-1/2

[Event "23rd ETCC Women 2021"]
[Site "Catez"]
[Date "2021.11.21"]
[Round "8.57"]
[White "Dolzhikova, Olga"]
[Black "Toma, Katarzyna"]
[Result "0-1"]
[ECO "B22"]
[WhiteElo "2187"]
[BlackElo "2261"]
[Annotator "ChessBase"]
[PlyCount "76"]
[EventDate "2021.11.08"]
[EventType "team-tourn"]
[EventCountry "SLO"]
[SourceTitle "playchess.com"]
[Source "ChessBase"]
[SourceQuality "1"]
[WhiteTeam "Norway"]
[BlackTeam "England"]
[WhiteTeamCountry "NOR"]
[BlackTeamCountry "ENG"]
[TimeControl "40/5400+30:1800+30"]

1. e4 c5 2. c3 Nf6 3. e5 Nd5 4. d4 cxd4 5. Nf3 e6 6. cxd4 d6 7. Bc4 Nc6 8. O-O Be7 9. Qe2 O-O 10. Qe4 Bd7 11. Bd3 f5 12. exf6 Nxf6 13. Qe2 Qa5 14. Bd2 Qh5 15. Bc3 Nd5 16. Nfd2 Qh6 17. g3 Bf6 18. Nb3 Kh8 19. N1d2 e5 20. Ne4 exd4 21. Bd2 Qh3 22. f4 Rae8 23. Qg2 Qh5 24. Rfe1 Be7 25. Qf2 Ndb4 26. Bb1 d3 27. Be3 Bf5 28. Ned2 Bf6 29. Nc4 Rd8 30. Nd4 Nxd4 31. Bxd4 Bxd4 32. Qxd4 Rde8 33. Bxd3 Nxd3 34. Re3 Rxe3 35. Nxe3 Qe2 36. Rd1 Qf2+ 37. Kh1 Qf3+ 38. Kg1 Nf2 0-1